 Dungeon Crawl Stone Soup version 0.21-a0-151-ga4fe563 (webtiles) character file.

49 KristoblXynda the Slasher (level 3, -1/29 HPs)
             Began as a Draconian Gladiator on July 30, 2017.
             Slain by a worm (9 damage)
             ... on level 2 of the Dungeon.
             The game lasted 00:01:46 (1285 turns).

KristoblXynda the Slasher (Draconian Gladiator)     Turns: 1285, Time: 00:01:47

Health: -1/29      AC:  5    Str: 16    XL:     3   Next: 53%
Magic:  3/3        EV: 13    Int:  9    God:
Gold:   41         SH:  0    Dex: 12    Spells: 2/2 levels left

rFire    . . .     SeeInvis .   a - +0 long sword
rCold    . . .     Gourm    .   (no shield)
rNeg     . . .     Faith    .   (armour unavailable)
rPois    .         Spirit   .   b - +0 hat
rElec    .         Reflect  .   (no cloak)
rCorr    .         Harm     .   (no gloves)
MR       .....                  (no boots)
Stlth    +.........             (no amulet)
HPRegen  0.09/turn              (no ring)
MPRegen  0.08/turn              (no ring)

@: no status effects
A: unfitting armour, cold-blooded, AC +5
a: no special abilities


You were on level 2 of the Dungeon.
You were not hungry.

You visited 1 branch of the dungeon, and saw 2 of its levels.

You collected 41 gold pieces.

Inventory:

Hand Weapons
 a - a +0 long sword (weapon)
Missiles
 c - 3 throwing nets (quivered)
Armour
 b - a +0 hat (worn)
Scrolls
 h - 3 scrolls of remove curse {unknown}
 j - 3 scrolls of identify {unknown}
 l - 2 scrolls of magic mapping {unknown}
 n - a scroll of random uselessness {unknown}
Potions
 e - a potion of flight {unknown}
 f - a potion of mutation {unknown}
 g - 2 potions of brilliance {unknown}
 i - a potion of cancellation {unknown}
 m - a potion of heal wounds {unknown}
 o - a potion of might {unknown}
Comestibles
 d - 2 bread rations
 k - 2 meat rations
 p - 3 chunks of flesh
 q - a royal jelly


   Skills:
 - Level 2.1 Fighting
 + Level 3.5 Long Blades
 - Level 2.2 Throwing
 + Level 3.3 Dodging
 + Level 0.8 Stealth


You had 2 spell levels left.
You didn't know any spells.

Dungeon Overview and Level Annotations

Branches:
Dungeon (2/15)

Altars:
Dithmenos


Innate Abilities, Weirdness & Mutations

Your plain brown scales are hard. (AC +5)
You cannot fit into any form of body armour.
You are cold-blooded and may be slowed by cold attacks.


Message History

The worm bites you.
You barely miss the worm.
The worm is lightly wounded.
The worm bites you!
* * * LOW HITPOINT WARNING * * *
You slash the worm!
The worm is heavily wounded.
The worm barely misses you.
You hit the worm.
The worm is heavily wounded.
The worm completely misses you.
You riposte.
You hit the worm. You tail-slap the worm.
The worm is severely wounded.
You hit the worm.
The worm is severely wounded.
Some of the chunks of flesh in your inventory have rotted away.
You barely miss the worm.
The worm is severely wounded.
The worm bites you!
You die...

.#(...#.##.......§##.## ##..#
.####.........#.§§##.# #..## .#
##.........§§§§..## #.## .##
###.#.##.†##§§§..# #.# ..##
#..#.........§#.# #.#
...####.########....#.###.# #
........# #...(.(....# #
...###### #.##.#....######## ...#
##@##.#(....)....#. ...#
#.w##...###....#... ...#
#######.#.....)...##.#... ...#
#.......#.##........)....
...######.......#.##.#####.......
...#......(.......#..# #####...
...#...........<....##########...
...#.........)..##.............<.
.#........#######..#############.


You could see a worm.

Vanquished Creatures
  An adder (D:2)
  A worm (D:2)
  A leopard gecko (D:2)
  8 bats
  5 giant cockroaches
  3 goblins
  5 hobgoblins
  3 jackals (D:2)
  A frilled lizard (D:2)
  2 kobolds
  3 rats
33 creatures vanquished.

Notes
Turn   | Place    | Note
-------+----------+-------------------------------------------
     0 | D:1      | KristoblXynda the Draconian Gladiator began the quest for the Orb.
     0 | D:1      | Reached XP level 1. HP: 17/17 MP: 1/1
   278 | D:1      | Reached XP level 2. HP: 24/24 MP: 2/2
   823 | D:2      | Reached XP level 3. HP: 29/29 MP: 3/3
   861 | D:2      | Found a shadowy altar of Dithmenos.
  1285 | D:2      | Slain by a worm

Vault maps used:
D:1:      evilmike_arrival_home_sweet_home
D:2:      grunt_dithmenos_smoke

Skill      XL: |  1  2 |
---------------+-------+-----
Throwing       | 2 |  2.2
Dodging        | 3 |  3.3
Fighting       | |  2.1
Long Blades    | |  3.5
Stealth        | |  0.8

Action                   || total
-------------------------++-------
Melee: Long sword        ||    87
       Tailslap          ||    10
 Stab: Sleeping          ||     2
  Eat: Chunk             ||     1
Armor: Skin              ||    32
Dodge: Dodged            ||    70
       Rpst.: Long sword ||    26
